 Dungeon Crawl Stone Soup version 0.31.0-9-g3a7656b989 (console) character file.

Game seed: 6031163749478148901

726628 AlterAsc the Shapeless Octopus (level 27, -5/336 HPs)
             Began as an Octopode Shapeshifter on Jan 25, 2024.
             Was the Champion of the Shining One.
             Succumbed to an ushabti's dark miasma
             ... on level 3 of the Tomb of the Ancients.
             The game lasted 04:36:50 (72125 turns).

AlterAsc the Shapeless Octopus (OpSh)              Turns: 72125, Time: 04:36:50

Health: -5/336     AC: 52    Str: 35 (37) XL:     27
Magic:  35/35      EV:  2    Int: 27 (30) God:    the Shining One [******]
Gold:   1221       SH:  0    Dex: 18      Spells: 26/26 levels left

rFire   + +          .
                       - Unarmed
rCold   + + .        (no shield)
rNeg    + + +        (helmet currently unavailable)
rPois   +            f - amulet of Optimism {rF+ Regen+ Int+3}
rElec   .            D - ring of the Tortoise {AC+8}
rCorr   +            Q - ring of Uzxeypp {rC+ Will+ Str+2 Stlth+}
SInv    +            M - +6 ring of protection
Will    +++++        I - +6 ring of strength
Stlth   ++           B - ring of Vidued {rPois rCorr Str+4 Int+6}
HPRegen 1.56/turn    F - ring "Fatt" {rN+ rCorr EV+5 Int+2}
MPRegen 0.24/turn    V - ring of Varchy {^Contam rF+ Will++ AC+4 Str+3}
                     H - ring "Zownugh" {rC+ Will+ Dex+6 Slay+3}

%: no passive effects
@: lethally poisoned (-5 -> -37), tree-form, marked, weakened, hasted and
slowed, glowing, studying 3 skills
A: stationary, stasis, torment immunity, boosted hp, almost no armour,
(amphibious), 8 rings, (camouflage 1), (gelatinous body 1), (nimble swimmer 1),
(tentacles), (tentacle spike 1), see invisible, clever 1, (fire resistance 1),
MP-powered wands
}: 5/15 runes: barnacled, slimy, silver, abyssal, gossamer
a: Renounce Religion, Divine Shield, Cleansing Flame, Summon Divine Warrior,
Brand Weapon With Holy Wrath


You were on level 3 of the Tomb of the Ancients.
You worshipped the Shining One.
The Shining One was exalted by your worship.
You were a tree.
You visited 13 branches of the dungeon, and saw 59 of its levels.
You visited the Abyss 1 time.
You also visited: Ice Cave and Desolation.

You collected 31502 gold pieces.
You spent 11694 gold pieces at shops.
You paid 18587 gold pieces to Gozag.

Inventory:

Jewellery
 f - the amulet of Optimism (around neck) {rF+ Regen+ Int+3}
   (You bought it in a shop on level 4 of the Vaults)

   [amulet of regeneration]

   Int+3:     It affects your intelligence (+3).
   rF+:       It protects you from fire.
   Regen+:    It increases your rate of health regeneration.
 l - the ring "Vyej" {Fly Str+3 Int+3 SInv}
   (You found it on level 5 of the Vaults)

   [ring of flight]

   Str+3:     It affects your strength (+3).
   Int+3:     It affects your intelligence (+3).
   SInv:      It lets you see invisible.
   Fly:       It grants you flight.
 B - the ring of Vidued (on tentacle) {rPois rCorr Str+4 Int+6}
   (You found it on level 3 of the Crypt)

   [ring of intelligence]

   Str+4:     It affects your strength (+4).
   Int+6:     It affects your intelligence (+6).
   rPois:     It protects you from poison rCorr: It protects you from acid and
   corrosion.
 D - the ring of the Tortoise (left branch) {AC+8}
   (You bought it in a shop on level 4 of the Vaults)

   [ring of protection]

   AC+8:      It affects your AC (+8).
 F - the ring "Fatt" (on tentacle) {rN+ rCorr EV+5 Int+2}
   (You bought it in a shop on level 15 of the Dungeon)

   [ring of evasion]

   EV+5:      It affects your evasion (+5).
   Int+2:     It affects your intelligence (+2).
   rN+:       It protects you from negative energy.
   rCorr:     It protects you from acid and corrosion.
 H - the ring "Zownugh" (on tentacle) {rC+ Will+ Dex+6 Slay+3}
   (You bought it in a shop on level 8 of the Dungeon)

   [ring of dexterity]

   Dex+6:     It affects your dexterity (+6).
   Slay+3:    It affects your accuracy & damage with ranged weapons and melee
   (+3).
   rC+:       It protects you from cold.
   Will+:     It increases your willpower.
 I - a +6 ring of strength (on tentacle)
 K - a +5 ring of evasion
 M - a +6 ring of protection (on tentacle)
 Q - the ring of Uzxeypp (right branch) {rC+ Will+ Str+2 Stlth+}
   (You bought it in a shop on level 15 of the Dungeon)

   [ring of willpower]

   Str+2:     It affects your strength (+2).
   rC+:       It protects you from cold.
   Will+:     It increases your willpower.
   Stlth+:    It makes you more stealthy.
 V - the ring of Varchy (on tentacle) {^Contam rF+ Will++ AC+4 Str+3}
   (You bought it in a shop on level 3 of the Dungeon)

   [ring of protection]

   AC+4:      It affects your AC (+4).
   Str+3:     It affects your strength (+3).
   rF+:       It protects you from fire.
   Will++:    It greatly increases your willpower.
   ^Contam:   It causes magical contamination when unequipped.
 Y - the ring of Asceticism {rN+ Dex+5 SInv Stlth-}
   (You found it on level 3 of the Crypt)

   [ring of positive energy]

   Dex+5:     It affects your dexterity (+5).
   rN+:       It protects you from negative energy.
   SInv:      It lets you see invisible.
   Stlth-:    It makes you less stealthy.
Talismans
 c - a dragon-blood talisman
 g - a storm talisman (active)
 o - a talisman of death
 W - a talisman of death
Wands
 b - a wand of flame (87)
 n - a wand of polymorph (50)
 x - a wand of quicksilver (67)
 A - a wand of iceblast (60)
 G - a wand of mindburst (32)
 L - a wand of charming (86)
 X - a wand of digging (13)
Scrolls
 a - 9 scrolls of immolation
 h - 4 scrolls of noise
 j - 9 scrolls of fog
 m - 9 scrolls of vulnerability
 q - 6 scrolls of fear
 s - 20 scrolls of teleportation
 t - 8 scrolls of blinking
 u - 5 scrolls of poison
 v - 13 scrolls of amnesia
 C - 2 scrolls of revelation
 P - 2 scrolls of silence
 U - a scroll of summoning
Potions
 d - 10 potions of haste
 e - 7 potions of attraction
 i - 9 potions of mutation
 k - 7 potions of magic
 p - 6 potions of resistance
 r - 10 potions of brilliance
 y - 7 potions of might
 z - 8 potions of berserk rage
 E - 20 potions of curing
 N - 5 potions of cancellation
 O - 6 potions of ambrosia
 R - 10 potions of enlightenment
 T - 6 potions of lignification
 Z - 6 potions of invisibility
Miscellaneous
 J - a phantom mirror
 S - a condenser vane


   Skills:
 O Level 27 Fighting
 + Level 18.9 Dodging
 - Level 6.0 Stealth
 O Level 27 Unarmed Combat
 + Level 16.4 Invocations
 O Level 27 Shapeshifting


You had 26 spell levels left.
You didn't know any spells.
Your spell library contained the following spells:

 Spells                   Type           Power      Damage    Failure   Level
 Apportation              Tloc           0%         N/A       12%         1
 Foxfire                  Conj/Fire      0%         2x1d4     12%         1
 Freeze                   Ice            0%         1d3       12%         1
 Kiss of Death            Conj/Necr      0%         2d5       12%         1
 Magic Dart               Conj           0%         1d3       12%         1
 Necrotise                Necr           0%         1d4       12%         1
 Shock                    Conj/Air       0%         1d3       12%         1
 Slow                     Hex            0%         N/A       12%         1
 Sting                    Conj/Alch      0%         1d3       12%         1
 Summon Small Mammal      Summ           0%         N/A       12%         1
 Call Imp                 Summ           0%         N/A       19%         2
 Cigotuvi's Dreadful Rot  Necr/Alch/Air  0%         N/A       19%         2
 Ensorcelled Hibernation  Hex/Ice        0%         N/A       19%         2
 Jinxbite                 Hex            0%         N/A       19%         2
 Lesser Beckoning         Tloc           0%         N/A       19%         2
 Mercury Vapours          Alch/Air       0%         N/A       19%         2
 Searing Ray              Conj           0%         2d4       19%         2
 Call Canine Familiar     Summ           0%         N/A       34%         3
 Confusing Touch          Hex            0%         N/A       34%         3
 Dazzling Flash           Conj/Hex       0%         N/A       34%         3
 Fugue of the Fallen      Necr           0%         N/A       34%         3
 Gell's Gravitas          Tloc           0%         N/A       34%         3
 Inner Flame              Hex/Fire       0%         N/A       34%         3
 Mephitic Cloud           Conj/Alch/Air  0%         N/A       34%         3
 Ozocubu's Armour         Ice            0%         N/A       34%         3
 Stone Arrow              Conj/Erth      0%         3d7       34%         3
 Summon Ice Beast         Ice/Summ       0%         N/A       34%         3
 Swiftness                Air            0%         N/A       34%         3
 Teleport Other           Tloc           0%         N/A       34%         3
 Tukima's Dance           Hex            0%         N/A       34%         3
 Volatile Blastmotes      Fire/Tloc      0%         2d10      34%         3
 Airstrike                Air            0%         2d(0-16)  75%         4
 Anguish                  Hex/Necr       0%         N/A       75%         4
 Animate Dead             Necr           0%         N/A       75%         4
 Brom's Barrelling Bould  Conj/Erth      0%         2d3       75%         4
 Cause Fear               Hex            0%         N/A       75%         4
 Dispel Undead            Necr           0%         3d6       75%         4
 Flame Wave               Conj/Fire      0%         2d4       75%         4
 Fulminant Prism          Conj/Alch      0%         3d5       75%         4
 Ignite Poison            Fire/Alch      0%         N/A       75%         4
 Leda's Liquefaction      Alch/Erth      0%         N/A       75%         4
 Olgreb's Toxic Radiance  Alch           0%         N/A       75%         4
 Passage of Golubria      Tloc           0%         N/A       75%         4
 Sticky Flame             Fire/Alch      0%         2d4       75%         4
 Summon Blazeheart Golem  Fire/Summ      0%         N/A       75%         4
 Summon Lightning Spire   Summ/Air       0%         N/A       75%         4
 Alistair's Intoxication  Alch           0%         N/A       97%         5
 Borgnjor's Vile Clutch   Necr/Erth      0%         N/A       97%         5
 Curse of Agony           Necr           0%         N/A       97%         5
 Fireball                 Conj/Fire      0%         3d3       97%         5
 Freezing Cloud           Conj/Ice/Air   0%         6-21      97%         5
 Iskenderun's Battlesphe  Conj           0%         2d6       97%         5
 Lee's Rapid Deconstruct  Erth           0%         3d4*      97%         5
 Metabolic Englaciation   Hex/Ice        0%         N/A       97%         5
 Silence                  Hex/Air        0%         N/A       97%         5
 Summon Mana Viper        Hex/Summ       0%         N/A       97%         5
 Yara's Violent Unravell  Hex/Alch       0%         3d3       97%         5
 Bombard                  Conj/Erth      0%         9d1       100%        6
 Conjure Ball Lightning   Conj/Air       0%         3x3d6     100%        6
 Death Channel            Necr           0%         N/A       100%        6
 Plasma Beam              Fire/Air       0%         2x1d10    100%        6
 Sculpt Simulacrum        Ice/Alch       0%         N/A       100%        6
 Starburst                Conj/Fire      0%         6d3       100%        6
 Enfeeble                 Hex            0%         N/A       100%        7
 Haunt                    Necr/Summ      0%         N/A       100%        7
 Monstrous Menagerie      Summ           0%         N/A       100%        7
 Orb of Destruction       Conj           0%         9d5       100%        7
 Spellforged Servitor     Conj/Summ      0%         N/A       100%        7
 Summon Hydra             Summ           0%         N/A       100%        7
 Borgnjor's Revivificati  Necr           0%         N/A       100%        8
 Discord                  Hex            0%         N/A       100%        8
 Disjunction              Tloc           0%         N/A       100%        8
 Ignition                 Fire           0%         3d3       100%        8
 Lehudib's Crystal Spear  Conj/Erth      0%         10d2      100%        8
 Chain Lightning          Conj/Air       0%         N/A       100%        9
 Death's Door             Necr           0%         N/A       100%        9
 Dragon's Call            Summ           0%         N/A       100%        9
 Fire Storm               Conj/Fire      0%         5d1       100%        9
 Shatter                  Erth           0%         3d5*      100%        9
 Sublimation of Blood     Necr           Unusable   N/A       N/A         2
 Animate Armour           Summ/Erth      Unusable   N/A       N/A         4

Dungeon Overview and Level Annotations

Branches:
Dungeon (15/15)            Temple (1/1) D:6            Lair (5/5) D:8
 Shoals (4/4) Lair:3       Spider (4/4) Lair:2        Slime (5/5) Lair:5
    Orc (2/2) D:11            Elf (3/3) Orc:2        Vaults (5/5) D:13
  Crypt (3/3) Vaults:2       Tomb (3/3) Crypt:3      Depths (4/4) D:15
    Zot (5/5) Depths:4      IceCv (visited)         Desolation (visited)

Altars:
Ashenzari
Dithmenos
Elyvilon
Fedhas
Gozag
Hepliaklqana
Kikubaaqudgha
Makhleb
Nemelex Xobeh
Okawaru
Qazlal
Ru
Sif Muna
Trog
Uskayaw
Vehumet
Wu Jian
Xom
Yredelemnul
Zin
The Shining One
Jiyva
Lugonu

Shops:
D:3 =   D:7 *   D:8 =*!   D:15 =   Orc:2 :*[(?[*   Elf:1 [[(*(   Shoals:4 *
Vaults:1 *=*=*   Vaults:4 !=   Depths:1 *   Depths:3 :   Depths:4 =

Portals:
Hell: Depths:1 Depths:2 Depths:3 Depths:4
Abyss: Lair:5 Depths:3 Depths:4
Pandemonium: Depths:2 Depths:3
Ziggurat: Depths:2

Annotations:
D:1 2 transporters
D:3 1 runed translucent door
D:7 Jeremiah
Lair:2 exclusion: oklob plant
Lair:3 exclusion: oklob plant
Lair:4 1 runed translucent door, flt's ghost, journeyman TrMo
Spider:4 3 runed translucent doors, AlterAsc's ghost, adept TeSh
Tomb:3 Khufu


Innate Abilities, Weirdness & Mutations

You are a tree.
Your roots penetrate the ground, keeping you stationary.
You cannot be teleported.
You are immune to unholy pain and torment.
Your maximum health is greatly increased.
You cannot wear most types of armour.
((You are amphibious.))
You can wear up to eight rings at the same time.
You are immune to poison.
((Your skin changes colour to match your surroundings (Stealth+).))
((Your rubbery body absorbs attacks. (AC +1, EV +1)))
((You are camouflaged when in or above water. (Stealth+)))
((You have tentacles for arms and can constrict up to eight enemies at once.))
((One of your tentacles bears a spike.))
You have supernaturally acute eyesight. (SInv)
Your mind is acute. (Int +4, Str/Dex -1)
((Your flesh is heat resistant. (rF+)))
You expend magic power (3 MP) to strengthen your wands.


Message History

You feel very sick. The death scarab bites you!
* * * LOW HITPOINT WARNING * * *
The death scarab drains your vigour!
You feel as though you will be slow longer.
The bennu pecks you but does no damage.
The bennu claws you but does no damage. x2
The neqoxec hits you but does no damage.
An ushabti comes into view.
The death scarab bites you but does no damage.
The ushabti shakes and rattles.
The vile air hits the guardian mummy!
The vile air hits the death scarab but does no damage.
The vile air hits you but does no damage.
The vile air hits the bennu.
The chaos spawn pecks you.
* * * LOW HITPOINT WARNING * * *
You feel your attacks grow feeble.
The death scarab bites you but does no damage.
The freezing wraith hits you but does no damage. x2
Unknown command.
Press: ? - help, v - describe, . - travel
Here: a mummy priest (haloed)
The floor.
Okay, then.
Okay, then.
You thrash the freezing wraith!!!
You destroy the freezing wraith!
The freezing wraith disappears in a puff of smoke!
You are engulfed in dark miasma.
* * * LOW HITPOINT WARNING * * *
You feel very sick. The death scarab bites you!
* * * LOW HITPOINT WARNING * * *
The death scarab bites you but does no damage. x2
The bennu pecks you but does no damage.
The bennu claws you but does no damage. x2
Gozag petitions for your drink to fail.
You are engulfed in dark miasma.
You are more poisoned.
You feel as though you will be slow longer.
* * * LOW HITPOINT WARNING * * *
You die...

##M...#
##...#
9....##...#
.....#M..#
....9M..#
M99M...#
#9.M...#
#Zn°...#
#°°9.§§#
#.Mb☼..#
#B♣B...#
...99M43B..##
[..MMs°○..^#
....s.°☼..##
##.....☼###
########


You could see Khufu, 2 emperor scorpions, a bennu, 2 mummy priests, 2 guardian
mummies, 7 ushabtiu, a neqoxec (summoned), 3 death scarabs, a chaos spawn
(summoned), a necrophage (summoned), 4 mummies and a naga warrior skeleton
(summoned).

Vanquished Creatures
  the Royal Jelly (Slime:5)
  Dissolution (Slime:5)
  3 dread liches
  2 orbs of fire (Zot:5)
  5 ancient liches
  Mara (Spider:4)
  Vv (Zot:1)
  9 Killer Klowns (Zot:5)
  24 royal mummies
  A caustic shrike (Depths:2)
  4 curse toes
  18 golden dragons
  A profane servitor (Abyss:1)
  Arachne (Spider:3)
  2 bone dragons
  2 electric golems (Zot:5)
  3 doom hounds (Zot:3)
  A walking crystal tome (Depths:3)
  A hellephant (Abyss:3)
  25 Orb Guardians (Zot:5)
  18 tentacled monstrosities
  2 titans (Vaults:5)
  9 liches
  Grunn (Zot:3)
  7 quicksilver dragons
  3 walking divine tomes (Depths:3)
  Asterion (Elf:1)
  4 deep elf blademasters
  3 deep elf master archers
  2 krakens
  Polyphemus (Shoals:3)
  20 acid blobs
  10 ancient champions
  Kirke (D:12)
  4 tentacled starspawn (Abyss:3)
  11 death cobs
  6 sphinxes
  The ghost of Polaczum the Brawler, an adept TrMo of Nemelex Xobeh (Depths:3)
  12 shadow dragons
  Agnes (Spider:4)
  4 revenants
  14 azure jellies
  14 storm dragons
  2 iron dragons
  7 tengu reavers
  13 fire giants
  12 frost giants
  5 draconian shifters
  18 rockslimes
  7 protean progenitors
  2 draconian monks
  5 draconian knights
  6 emperor scorpions
  12 vault wardens
  2 imperial myrmidons (Desolation)
  6 deep elf sorcerers
  7 draconian scorchers
  4 deep elf elementalists (Elf:3)
  2 balrugs
  A caustic shrike zombie (Depths:1)
  8 ghost moths
  Louise (Spider:4)
  5 ghouls
  4 orc warlords
  A reaper (IceCv)
  2 spriggan defenders
  7 quicksilver oozes
  5 draconian stormcallers
  4 curse skulls
  5 draconian annihilators
  4 formless jellyfish
  20 ironbound preservers
  10 vampire knights
  2 juggernaut skeletons
  A caustic shrike skeleton (Crypt:3)
  26 very ugly things
  A demonspawn black sun (D:14)
  18 stone giants
  6 ironbound thunderhulks
  7 deep elf demonologists
  3 bennus
  8 deep elf death magi
  9 yellow draconians
  5 white draconians
  8 black draconians
  8 red draconians
  10 green draconians
  10 purple draconians
  9 deep elf annihilators
  6 war gargoyles
  9 spark wasps
  4 halazid warlocks (Desolation)
  2 pale draconians (Depths:4)
  13 dire elephants
  5 eidola
  13 fire dragons
  20 starcursed masses
  A crystal guardian (Vaults:4)
  24 mummy priests
  10 ettins
  A quicksilver dragon zombie (Crypt:2)
  10 merfolk impalers
  17 yaktaur captains
  6 merfolk javelineers (Shoals:4)
  6 entropy weavers
  An acid blob zombie (Crypt:3)
  5 jiangshi
  14 deep elf high priests
  9 ragged hierophants (Desolation)
  8 servants of whispers (Desolation)
  11 great orbs of eyes
  7 hydras
  5 rakshasas
  10 ironbound frosthearts
  41 vault guards
  Erolcha (Orc:1)
  4 spriggan skeletons
  8 peacekeepers
  6 ice dragons
  8 centaur warriors
  3 merfolk aquamancers (Shoals:4)
  A catoblepas (Shoals:3)
  3 ogre magi
  7 two-headed ogres
  An alligator snapping turtle (Shoals:4)
  5 spriggan air magi
  Erica (Lair:2)
  2 satyrs (Zot:2)
  4 death knights
  2 merfolk avatars
  A sphinx skeleton (Crypt:1)
  8 boulder beetles
  2 death yaks (Shoals:3)
  55 death scarabs
  A two-headed ogre (shapeshifter) (Depths:3)
  A radroach (Spider:1)
  8 spriggan berserkers
  6 vampire magi
  2 deep troll shamans
  37 dancing weapons
  5 orc high priests
  10 tengu warriors
  11 deep troll earth magi
  3 demonic crawlers
  2 occultists
  8 thrashing horrors
  22 deep elf knights
  Sonja (Lair:5)
  A fire crab (shapeshifter) (Elf:2)
  37 skeletal warriors
  5 sun demons
  2 spriggans
  7 soul eaters
  A sixfirhy (Abyss:3)
  3 wretched stars (Abyss:3)
  3 shadow wraiths
  5 pharaoh ants
  A bunyip zombie (Crypt:3)
  An anaconda zombie (Crypt:3)
  Lodul (D:14)
  6 iron trolls
  A spatial maelstrom (Abyss:3)
  2 shadow demons
  7 skysharks
  5 orb spiders
  7 glowing orange brains
  2 flayed ghosts
  A ghost moth zombie (Crypt:3)
  4 bog bodies
  8 arcanists
  A mana viper (shapeshifter) (Depths:2)
  2 sun moths
  An obsidian statue (Vaults:1)
  63 deep trolls
  17 sea snakes
  6 steelbarb worms (Spider:4)
  20 ironbound convokers
  17 phantasmal warriors
  A golden dragon skeleton (Depths:1)
  7 large abominations
  10 orc knights
  A bunyip skeleton (Crypt:3)
  8 shining eyes
  17 deep elf archers
  An orb spider (shapeshifter) (Vaults:5)
  28 deep elf pyromancers
  33 deep elf zephyrmancers
  8 necromancers
  7 fauns
  12 lindwurms
  An oklob plant (Shoals:4)
  2 shadow dragon skeletons
  13 wolf spiders
  10 harpies
  A human zombie (Vaults:4)
  38 ugly things
  5 orc sorcerers (Orc:2)
  2 stone giant zombies
  5 cyclopes
  A sphinx simulacrum (Vaults:3)
  14 manticores
  11 merfolk sirens
  2 frost giant zombies
  2 dire elephant zombies
  7 meliai
  31 moths of wrath
  11 elephants
  3 guardian serpents (Desolation)
  5 black mambas
  3 centaur zombies (D:15)
  10 vault sentinels
  Joseph (D:7)
  A kobold blastminer (Orc:1)
  An apocalypse crab (Abyss:1)
  11 smoke demons
  4 water nymphs
  A molten gargoyle (Desolation)
  2 ice statues
  An eye of devastation (Slime:5)
  9 cane toads
  3 torpor snails
  2 gargoyles (D:12)
  2 unseen horrors
  3 efreet
  An orange demon (Abyss:3)
  A centaur skeleton (Crypt:1)
  A dire elephant skeleton (Crypt:1)
  2 kobold demonologists (D:7)
  A yaktaur (shapeshifter) (Vaults:5)
  14 yaktaurs
  A hellion (Abyss:3)
  11 komodo dragons
  13 tengu conjurers
  4 anaconda simulacra (IceCv)
  5 rime drakes
  A catoblepas zombie (Tomb:1)
  9 freezing wraiths
  4 ancient zymes (Abyss:1)
  A swamp worm zombie (Crypt:1)
  A redback zombie (D:15)
  2 ice devils (IceCv)
  33 guardian mummies
  3 harpy zombies
  2 polar bears
  27 merfolk
  7 trolls
  24 tarantellas
  5 wind drakes
  A hydra skeleton (Crypt:3)
  7 glass eyes
  2 hornets
  A polar bear (shapeshifter) (Lair:5)
  31 blink frogs
  A satyr zombie (Crypt:1)
  An ettin zombie (Crypt:3)
  12 raiju
  A harpy skeleton (Abyss:3)
  6 dream sheep
  51 saltlings (Desolation)
  2 glass eyes (shapeshifter) (Vaults:5)
  97 slime creatures
  11 snapping turtles
  2 spriggan zombies
  A centaur simulacrum (Tomb:2)
  An ettin skeleton (Tomb:1)
  4 ynoxinuls (Abyss:1)
  20 culicivoras
  10 water elementals
  57 yaks
  2 shadows (D:10)
  11 jumping spiders
  7 wraiths
  A slime creature zombie (Crypt:2)
  An air elemental (Elf:1)
  3 wyverns
  21 ushabtiu
  3 fire elementals
  3 golden eyes (Abyss:3)
  11 basilisks
  A hog (D:12)
  8 humans (D:13)
  5 wargs (Orc:2)
  A death yak simulacrum (IceCv)
  13 vampire mosquitoes
  An elf skeleton (Vaults:4)
  3 neqoxecs (Abyss:3)
  6 steam dragons
  32 redbacks
  Menkaure (D:6)
  3 chaos spawn
  A glowing shapeshifter zombie (Vaults:4)
  A water nymph zombie (Crypt:2)
  6 acid dragons
  A harpy simulacrum (IceCv)
  3 spatial vortices (Abyss:3)
  7 water moccasins
  A hydra simulacrum (Tomb:1)
  A demonspawn skeleton (Crypt:3)
  3 ice beasts
  37 orc warriors
  A black bear (D:5)
  A naga skeleton (Abyss:3)
  10 boggarts
  8 wolves
  20 laughing skulls
  19 ogres
  16 small abominations
  A wolf (shapeshifter) (Vaults:5)
  10 centaurs
  A dream sheep skeleton (Crypt:3)
  A swamp dragon skeleton (Crypt:3)
  A phantom (D:5)
  2 weeping skulls (Abyss:3)
  9 kobold brigands
  2 wyvern zombies
  11 bullfrogs
  A brain worm (Abyss:3)
  A warg zombie (Crypt:1)
  3 earth elementals
  A scorpion (shapeshifter) (D:14)
  2 cane toad simulacra (IceCv)
  3 necrophages
  2 gnoll sergeants
  3 scorpions
  2 human skeletons
  2 two-headed ogre simulacra (IceCv)
  9 wights
  An entropy weaver simulacrum (Vaults:3)
  A wyvern skeleton (Crypt:1)
  A troll zombie (Crypt:1)
  9 killer bees
  An elephant simulacrum (IceCv)
  4 electric eels
  4 howler monkeys
  3 bombardier beetles
  A black bear zombie (Crypt:1)
  An iron imp (Abyss:3)
  A hound (D:5)
  3 jellies
  12 orc priests
  A sleepcap (D:5)
  4 iguanas
  34 orc wizards
  13 hell rats
  3 troll simulacra (IceCv)
  3 polar bear simulacra (IceCv)
  3 spriggan simulacra (IceCv)
  A wolf simulacrum (IceCv)
  40 mummies
  15 gnolls
  7 naga simulacra (IceCv)
  7 adders
  12 white imps
  17 ufetubi
  2 ribbon worms
  3 dart slugs
  71 orcs
  4 ball pythons
  3 endoplasms (D:1)
  A giant cockroach (D:1)
  A gnoll zombie (Crypt:2)
  9 goblins
  6 hobgoblins
  6 jackals
  15 kobolds
  5 quokkas
  5 bats
  2 frilled lizards (D:1)
  A hobgoblin skeleton (Crypt:2)
  6 rats
  4 aspiring fleshes
2836 creatures vanquished.

Vanquished Creatures (collateral kills)
  A Brimstone Fiend (Tomb:3)
  A guardian mummy (Tomb:3)
2 creatures vanquished.

Vanquished Creatures (others)
  A fire giant (Vaults:5)
  A mummy priest (Tomb:2)
  6 death scarabs (Tomb:2)
  A deep elf knight (Elf:1)
  A large abomination (D:14)
  A bunyip skeleton (Tomb:3)
  A tarantella (Spider:1)
  A culicivora (Spider:4)
  2 small abominations (D:14)
  A water elemental (Elf:2)
  A wight (D:7)
  An orc wizard (Orc:2)
  An orc (Orc:2)
  2 kobolds (D:7)
  4 tentacles (Shoals:3)
25 creatures vanquished.

Grand Total: 2863 creatures vanquished

Notes
Turn   | Place    | Note
-------+----------+-------------------------------------------
     0 | D:1      | AlterAsc the Octopode Shapeshifter began the quest for the
                  | Orb.
     0 | D:1      | Reached XP level 1. HP: 13/13 MP: 1/1
    70 | D:1      | Reached XP level 2. HP: 18/18 MP: 2/2
   421 | D:2      | Reached XP level 3. HP: 23/23 MP: 3/3
   875 | D:2      | Reached XP level 4. HP: 28/28 MP: 4/4
   991 | D:2      | Reached skill level 5 in Unarmed Combat
  1183 | D:3      | Found Zeifyiv's One-of-a-Kind Rings.
  1314 | D:3      | Found a sparkling altar of Nemelex Xobeh.
  1381 | D:3      | Reached XP level 5. HP: 9/33 MP: 5/5
  1616 | D:3      | Found an iron altar of Okawaru.
  1618 | D:3      | Found a runed translucent door.
  1810 | D:3      | Found the +0 toga "Victory" {*Victory Clar}
  2208 | D:3      | Noticed an ogre
  2212 | D:3      | Noticed a centaur
  2595 | D:5      | Entered Level 5 of the Dungeon
  2658 | D:4      | Noticed a black bear
  2697 | D:4      | Reached XP level 6. HP: 38/38 MP: 6/6
  3405 | D:5      | Noticed a black bear
  3636 | D:5      | Reached XP level 7. HP: 37/43 MP: 7/7
  3876 | D:5      | Found a stormy altar of Qazlal.
  4475 | D:6      | Noticed a steam dragon
  4568 | D:5      | Reached XP level 8. HP: 38/48 MP: 8/8
  4679 | D:6      | Reached skill level 10 in Unarmed Combat
  4861 | D:6      | Found a staircase to the Ecumenical Temple.
  4875 | Temple   | Entered the Ecumenical Temple
  4886 | Temple   | Became a worshipper of Gozag Ym Sagoz the Greedy
  5091 | D:6      | Noticed Menkaure
  5778 | D:3      | Bought a +2 ring of protection for 140 gold pieces
  5778 | D:3      | Bought a +2 ring of evasion for 84 gold pieces
  6036 | D:7      | Reached XP level 9. HP: 53/53 MP: 9/9
  6046 | D:7      | Noticed a kobold demonologist
  6335 | D:7      | Noticed Jeremiah
  6346 | D:7      | Noticed a kobold demonologist
  6351 | D:7      | Noticed a sun demon
  6352 | D:7      | Killed a kobold demonologist
  6358 | D:7      | Noticed a rust devil
  6363 | D:7      | Killed a kobold demonologist
  6566 | D:7      | Found a shimmering blue altar of Sif Muna.
  6596 | D:7      | Noticed Joseph
  6862 | D:6      | Killed Menkaure
  7063 | D:7      | Killed Joseph
  7068 | D:7      | Reached XP level 10. HP: 20/64 MP: 10/10
  7257 | D:7      | Found a white marble altar of Elyvilon.
  7262 | D:7      | Found a glowing golden altar of the Shining One.
  7271 | D:7      | Found a glowing silver altar of Zin.
  7281 | D:7      | Reached skill level 5 in Shapeshifting
  7544 | D:7      | Found Guss's Gadget Gallery.
  7740 | D:8      | Reached skill level 5 in Dodging
  7819 | D:8      | Reached skill level 5 in Fighting
  7977 | D:8      | Identified the +1 helmet of the Elven Halls {rC- Dex+5}
  8168 | D:8      | Found a staircase to the Lair.
  8168 | D:8      | Noticed an elephant
  9344 | D:9      | Found a sacrificial altar of Ru.
  9691 | D:10     | Entered Level 10 of the Dungeon
  9817 | D:10     | Reached XP level 11. HP: 72/72 MP: 11/11
  9840 | D:10     | Found a burning altar of Makhleb.
  9840 | D:10     | Noticed a green death
 10777 | D:11     | Reached skill level 10 in Shapeshifting
 10944 | D:3      | Bought a +6 ring of protection for 1092 gold pieces
 11061 | Lair:1   | Entered Level 1 of the Lair of Beasts
 11774 | Lair:1   | Reached XP level 12. HP: 80/80 MP: 12/12
 12298 | Lair:2   | Found a shimmering blue altar of Sif Muna.
 12313 | Lair:2   | Noticed Erica
 12560 | Lair:2   | Killed Erica
 12568 | Lair:2   | Noticed a boulder beetle
 12592 | Lair:2   | Killed a boulder beetle
 13115 | Lair:2   | Found a hole to the Spider Nest.
 14150 | Lair:3   | Found a broken altar of Ashenzari.
 14683 | D:3      | Bought the ring of Varchy {^Contam rF+ Will++ AC+4 Str+3}
                  | for 905 gold pieces
 14856 | Lair:3   | Found a staircase to the Shoals.
 15211 | Lair:3   | Reached XP level 13. HP: 88/88 MP: 13/13
 15677 | Lair:4   | Found a runed translucent door.
 15682 | Lair:4   | Noticed flt's ghost (journeyman TrMo)
 16831 | D:11     | Found a staircase to the Orcish Mines.
 17473 | D:12     | Noticed Kirke
 17482 | D:12     | Reached skill level 15 in Unarmed Combat
 17486 | D:12     | Killed Kirke
 18247 | Orc:1    | Entered Level 1 of the Orcish Mines
 18247 | Orc:1    | Noticed Erolcha
 18266 | Orc:1    | Killed Erolcha
 18492 | Orc:2    | Entered Level 2 of the Orcish Mines
 18562 | Orc:2    | Found a staircase to the Elven Halls.
 19126 | Orc:2    | Reached XP level 14. HP: 88/97 MP: 14/14
 19315 | Orc:2    | Noticed an orc warlord
 19365 | Orc:2    | Killed an orc warlord
 19465 | Orc:2    | Noticed an orc warlord
 19481 | Orc:2    | Killed an orc warlord
 19939 | Orc:2    | Reached skill level 10 in Fighting
 20306 | Orc:2    | Found Heareagi's Magic Scroll Shoppe.
 20349 | Orc:2    | Found Voriukh's Armour Shoppe.
 20501 | Orc:2    | Bought a scroll of identify for 30 gold pieces
 20501 | Orc:2    | Bought a scroll of identify for 30 gold pieces
 20501 | Orc:2    | Bought a scroll of identify for 30 gold pieces
 20501 | Orc:2    | Bought a scroll of identify for 30 gold pieces
 20537 | Orc:2    | Found Fesul's General Store.
 20546 | Orc:2    | Bought a scroll of identify for 28 gold pieces
 20677 | Orc:2    | Found Miag's Antique Armour Shoppe.
 20678 | Orc:2    | Found Vebip's Antique Weapon Shoppe.
 20679 | Orc:2    | Found Lijas's General Store.
 20679 | Orc:2    | Found Beuruask's Book Emporium.
 21241 | Orc:2    | Bought a potion of invisibility for 104 gold pieces
 21241 | Orc:2    | Bought a potion of curing for 39 gold pieces
 21241 | Orc:2    | Bought a scroll of teleportation for 39 gold pieces
 22191 | D:13     | Found a gate to the Vaults.
 22566 | D:14     | Noticed a demonspawn black sun
 22916 | D:14     | Reached XP level 15. HP: 95/105 MP: 15/15
 23372 | D:14     | Noticed Lodul
 23402 | D:14     | Killed Lodul
 23403 | D:14     | Reached skill level 15 in Shapeshifting
 23768 | D:14     | Got the Essays on the Mountains and Malediction
 24135 | D:15     | Entered Level 15 of the Dungeon
 24975 | D:15     | Found a staircase to the Depths.
 25456 | D:15     | Bought the ring of Uzxeypp {rC+ Will+ Str+2 Stlth+} for 598
                  | gold pieces
 25456 | D:15     | Bought the ring "Fatt" {rN+ rCorr EV+5 Int+2} for 741 gold
                  | pieces
 25476 | D:15     | Bought an amulet of regeneration for 390 gold pieces
 25476 | D:15     | Bought the ring "Ejoxapa" {rPois SInv} for 340 gold pieces
 25803 | Lair:5   | Entered Level 5 of the Lair of Beasts
 25999 | Lair:5   | Found a frozen archway.
 26053 | IceCv    | Entered an ice cave
 26276 | IceCv    | Reached skill level 1 in Stealth
 26481 | IceCv    | Reached XP level 16. HP: 114/114 MP: 16/16
 26929 | Lair:5   | Noticed Sonja
 26941 | Lair:5   | Killed Sonja
 27177 | Lair:5   | Found a staircase to the Slime Pits.
 27178 | Lair:5   | Found a viscous altar of Jiyva.
 27756 | Lair:5   | Reached skill level 5 in Stealth
 27791 | Lair:5   | Found a corrupted altar of Lugonu.
 27791 | Lair:5   | Found a one-way gate to the infinite horrors of the Abyss.
 27791 | Lair:5   | Found the +4 Cigotuvi's embrace {Corpsefed rMiasma ^Drain
                  | rN+}
 28079 | Spider:1 | Entered Level 1 of the Spider Nest
 29883 | Spider:3 | Reached XP level 17. HP: 121/121 MP: 2/17
 30042 | Spider:3 | Noticed Arachne
 30056 | Spider:3 | Killed Arachne
 31121 | Shoals:1 | Entered Level 1 of the Shoals
 31357 | Shoals:1 | Noticed a kraken
 31366 | Shoals:1 | Killed a kraken
 32115 | Shoals:2 | Reached skill level 10 in Dodging
 32779 | Shoals:3 | Noticed Polyphemus
 32789 | Shoals:3 | Killed Polyphemus
 33249 | Shoals:3 | Noticed a kraken
 33260 | Shoals:3 | Killed a kraken
 33433 | Shoals:3 | Found an opulent altar of Gozag.
 33853 | Elf:1    | Entered Level 1 of the Elven Halls
 33984 | Elf:1    | Found a huge runed translucent gate.
 33984 | Elf:1    | Found a huge runed translucent gate.
 33985 | Elf:1    | Found a huge runed translucent gate.
 33986 | Elf:1    | Found a huge runed translucent gate.
 33986 | Elf:1    | Found a huge runed translucent gate.
 33987 | Elf:1    | Found a huge runed translucent gate.
 33987 | Elf:1    | Found a huge runed translucent gate.
 33988 | Elf:1    | Found a huge runed translucent gate.
 33988 | Elf:1    | Found a huge runed translucent gate.
 33988 | Elf:1    | Found a huge runed translucent gate.
 33988 | Elf:1    | Found a huge runed translucent gate.
 33988 | Elf:1    | Found a huge runed translucent gate.
 33988 | Elf:1    | Found a huge runed translucent gate.
 33989 | Elf:1    | Found a huge runed translucent gate.
 33989 | Elf:1    | Found a huge runed translucent gate.
 33995 | Elf:1    | Found a huge runed translucent gate.
 34011 | Elf:1    | Found a huge runed translucent gate.
 34011 | Elf:1    | Found Keparad's Armour Boutique.
 34018 | Elf:1    | Reached XP level 18. HP: 131/131 MP: 18/18
 34026 | Elf:1    | Found a huge runed translucent gate.
 34027 | Elf:1    | Found a huge runed translucent gate.
 34112 | Elf:1    | Found Nazuak's Antique Weapon Shop.
 34137 | Elf:1    | Identified the +1 sling of World's End {flame, rF+ Str+3
                  | Int+3 Stlth-}
 34185 | Elf:1    | Noticed Asterion
 34211 | Elf:1    | Killed Asterion
 34444 | Elf:1    | Identified the serpent talisman of Lies {Str+2}
 34578 | Elf:1    | Found Jucyniog's Assorted Antiques.
 34634 | Elf:1    | Found Jeolish's Antique Weapon Shop.
 34692 | Elf:1    | Found a huge runed translucent gate.
 34692 | Elf:1    | Found a huge runed translucent gate.
 34692 | Elf:1    | Found a huge runed translucent gate.
 34693 | Elf:1    | Found a huge runed translucent gate.
 34693 | Elf:1    | Found a huge runed translucent gate.
 34694 | Elf:1    | Found a huge runed translucent gate.
 34694 | Elf:1    | Found Kyptucw's Antique Armour Boutique.
 34704 | Elf:1    | Found a huge runed translucent gate.
 34705 | Elf:1    | Found a huge runed translucent gate.
 34706 | Elf:1    | Found a huge runed translucent gate.
 34707 | Elf:1    | Found a huge runed translucent gate.
 34708 | Elf:1    | Found a huge runed translucent gate.
 34709 | Elf:1    | Found a huge runed translucent gate.
 34710 | Elf:1    | Found a huge runed translucent gate.
 34710 | Elf:1    | Found a huge runed translucent gate.
 34714 | Elf:1    | Found a huge runed translucent gate.
 34716 | Elf:1    | Found a huge runed translucent gate.
 34717 | Elf:1    | Found a huge runed translucent gate.
 34976 | Elf:1    | Noticed a deep elf master archer
 34977 | Elf:1    | Noticed a deep elf master archer
 34977 | Elf:1    | Noticed a deep elf master archer
 35387 | Spider:4 | Entered Level 4 of the Spider Nest
 35387 | Spider:4 | Noticed Louise
 35388 | Spider:4 | Noticed Agnes
 35405 | Spider:4 | Killed Louise
 35411 | Spider:4 | Killed Agnes
 35414 | Spider:4 | Noticed Mara
 35423 | Spider:4 | Noticed AlterAsc's illusion
 35424 | Spider:4 | Killed Mara
 35708 | Spider:4 | HP: 8/196 [barbs]
 35947 | Spider:4 | Found a runed translucent gate.
 35947 | Spider:4 | Found a runed translucent gate.
 35947 | Spider:4 | Found a runed translucent gate.
 35967 | Spider:4 | Noticed AlterAsc's ghost (adept TeSh)
 36216 | Spider:4 | Got a gossamer rune of Zot
 36743 | Orc:2    | Bought a scroll of fog for 60 gold pieces
 36743 | Orc:2    | Bought a scroll of blinking for 112 gold pieces
 36967 | Shoals:4 | Entered Level 4 of the Shoals
 37205 | Shoals:4 | Found Lieginin's General Store.
 37208 | Shoals:4 | Bought a scroll of acquirement for 1040 gold pieces
 37208 | Shoals:4 | Acquired 1196 gold pieces
 37359 | Shoals:4 | Identified the +1 scale mail "Kuxa" {rElec}
 37580 | Shoals:4 | Reached XP level 19. HP: 136/136 MP: 19/19
 37617 | Shoals:4 | Got a barnacled rune of Zot
 37964 | Shoals:4 | Identified the +2 great sword of Diet Blood {flame, Fly rF-
                  | Will+}
 38439 | Vaults:1 | Entered Level 1 of the Vaults
 38642 | Vaults:1 | Found a crumbling gateway.
 38650 | Desolati | Entered the Desolation of Salt
 38915 | Desolati | Got Hauw's Lessons on the Coals and Wounds
 38917 | Desolati | Got the Almanac of Telluric Ignition
 39295 | Desolati | Found the +8 autumn katana {manifold assault}
 39295 | Desolati | Identified the +1 cloak of the Snake Pit {rC- Will+++
                  | Str+6}
 39463 | Desolati | Identified the +4 whip of Salt {flame, ^Drain Str+4 Int+3
                  | Stlth+}
 39885 | Vaults:1 | Reached XP level 20. HP: 143/143 MP: 20/20
 41487 | Vaults:2 | Identified the ring of Light {Fire Str+6}
 42031 | Vaults:2 | Found a staircase to the Crypt.
 42347 | Vaults:1 | Bought a storm talisman for 1280 gold pieces
 42747 | Vaults:3 | Reached XP level 21. HP: 89/148 MP: 21/21
 43806 | Vaults:4 | Identified the +6 mace of Abuse {venom, rC+ rN+ Int-3
                  | Dex+4}
 44305 | Vaults:4 | Noticed a golden dragon
 44771 | Depths:1 | Entered Level 1 of the Depths
 44817 | Depths:1 | Found Ukaggamo's Fire Supplies.
 45056 | Depths:1 | Found a gateway to Hell.
 45303 | Depths:1 | Found a broken altar of Ashenzari.
 45473 | Depths:1 | Found Perseus's Dragon-Slaying Spoils.
 45552 | Depths:1 | Found a faded altar of an unknown god.
 45616 | Depths:1 | Found a hazy altar of Hepliaklqana.
 45721 | Depths:2 | Found a one-way gateway to a ziggurat.
 45863 | Depths:2 | Reached XP level 22. HP: 140/154 MP: 22/22
 46190 | Depths:2 | Found a one-way gate leading to the halls of Pandemonium.
 46422 | Depths:3 | Found a corrupted altar of Lugonu.
 46470 | Depths:3 | Noticed a caustic shrike
 46484 | Depths:2 | Killed a caustic shrike
 46646 | Depths:3 | Noticed a golden dragon
 46655 | Depths:3 | Killed a golden dragon
 46869 | Depths:3 | Identified the +2 buckler of Filth {Int+2}
 47016 | Depths:3 | Identified the +5 double sword "Rosk" {protect, rPois}
 47336 | Depths:3 | Found a runed translucent gate.
 47336 | Depths:3 | Found a runed translucent gate.
 47336 | Depths:3 | Found a runed translucent gate.
 47337 | Depths:3 | Noticed an ancient lich
 47337 | Depths:3 | Found an ancient bone altar of Kikubaaqudgha.
 47339 | Depths:3 | Noticed a dread lich
 47340 | Depths:3 | Noticed Polaczum's ghost (adept TrMo)
 47813 | Depths:3 | Killed a dread lich
 47814 | Depths:3 | Reached skill level 27 in Shapeshifting
 47819 | Depths:3 | Killed an ancient lich
 47819 | Depths:3 | Killed Polaczum's ghost
 47820 | Depths:3 | Reached XP level 23. HP: 145/160 MP: 23/23
 47831 | Depths:3 | Identified the ring "Enusosir" {rPois Str-3 Dex+4 SInv}
 47834 | Depths:3 | Identified the staff of Ylihesm {rC+ Dex+3 Ice}
 47839 | Depths:3 | Identified the +2 helmet of Vuulil {rF- MP+9 Str+3}
 47888 | Depths:4 | Entered Level 4 of the Depths
 48046 | Depths:4 | Noticed a golden dragon
 48447 | Depths:4 | Identified the +3 great mace "Uxku" {flame, Str+4 Dex+3}
 48494 | Depths:4 | Killed a golden dragon
 48654 | Depths:4 | Found Xolibreng's Jewellery Boutique.
 48974 | Depths:4 | Noticed a golden dragon
 48984 | Depths:4 | Killed a golden dragon
 49019 | Depths:4 | Found a gate to the Realm of Zot.
 49233 | Vaults:1 | Bought a talisman of death for 1280 gold pieces
 49579 | Slime:1  | Entered Level 1 of the Pits of Slime
 51672 | Slime:5  | Entered Level 5 of the Pits of Slime
 51679 | Slime:5  | Gained mutation: You are vulnerable to cold. (rC-) [a
                  | shining eye]
 51680 | Slime:5  | Gained mutation: Your health recovers twice as slowly from
                  | being drained. [a shining eye]
 51680 | Slime:5  | Gained mutation: You are dopey. (Int -2) [a shining eye]
 51681 | Slime:5  | Gained mutation: You have an increased reservoir of magic.
                  | (+10% MP) [a shining eye]
 51696 | Slime:5  | Found the +8 arc blade {discharge, rElec}
 51703 | Slime:5  | Noticed the Royal Jelly
 51719 | Slime:5  | Reached XP level 24. HP: 92/166 MP: 25/25
 51720 | Slime:5  | Killed the Royal Jelly
 51893 | Slime:5  | Got the Discourse on Boreal Percussion
 51929 | Slime:5  | Identified the staff of Dim Light {*Corrode rN+ Str+8 Necro
                  | Fire}
 52040 | Slime:5  | Identified the orb of the Eggfruit {*Rage, Will+ Dex+4}
 52041 | Slime:5  | Identified the +10 dagger of Stickiness {flame, rPois}
 52047 | Slime:5  | Identified the +10 flail of Xoellu {heavy, ^Fragile rElec
                  | rCorr SInv}
 52049 | Slime:5  | Got a slimy rune of Zot
 52217 | Slime:5  | Identified the +0 whip of Mobbiofu {venom, rN++ Int+3 Dex+4
                  | SInv}
 52322 | Slime:5  | Noticed Dissolution
 52332 | Slime:5  | Killed Dissolution
 52380 | Slime:5  | Identified the ring "Bueme" {rC- AC+4 Str+4 Dex+3 Stlth+}
 52396 | Slime:5  | Identified the +0 robe of Sori Jath {-Tele +Inv Regen+
                  | Str+4}
 53190 | Zot:1    | Entered Level 1 of the Realm of Zot
 53304 | Zot:1    | Noticed Vv
 53315 | Zot:1    | Killed Vv
 54181 | D:8      | Bought the ring "Zownugh" {rC+ Will+ Dex+6 Slay+3} for 1091
                  | gold pieces
 54804 | Zot:2    | Noticed a curse toe
 54811 | Zot:2    | Killed a curse toe
 55763 | Zot:3    | Reached skill level 27 in Unarmed Combat
 55893 | Zot:3    | Noticed Grunn
 55902 | Zot:3    | Killed Grunn
 55904 | Zot:3    | Noticed a curse toe
 55911 | Zot:3    | Reached XP level 25. HP: 172/172 MP: 25/25
 56467 | Zot:3    | Reached skill level 15 in Fighting
 57296 | Zot:4    | Found a transporter.
 57892 | Zot:5    | Entered Level 5 of the Realm of Zot
 59337 | Elf:2    | Reached XP level 26. HP: 191/191 MP: 25/25
 59584 | Elf:2    | Found a runed translucent gate.
 59584 | Elf:2    | Found a runed translucent gate.
 59584 | Elf:2    | Found a runed translucent gate.
 60277 | Elf:3    | Entered Level 3 of the Elven Halls
 60675 | Elf:3    | Identified the +1 sling of Armageddon {elec, rElec Dex+3}
 60676 | Elf:3    | Identified the +8 chain mail of Ugevofru {Harm MP+9 Dex-4}
 60716 | Elf:3    | Identified the amulet of Xusyol {Faith Harm rPois rCorr
                  | Str-5}
 60738 | Elf:3    | Identified the amulet of the Sky {Spirit Rampage ^Fragile
                  | rF+ Int+2}
 60821 | Elf:3    | Identified the +2 great sword of the Winnowing Gods
                  | {antimagic, Dex+2}
 61601 | Vaults:4 | Bought a potion of haste for 250 gold pieces
 61609 | Vaults:5 | Entered Level 5 of the Vaults
 62073 | Vaults:5 | Reached XP level 27. HP: 209/209 MP: 25/25
 62088 | Vaults:5 | Identified the +1 scale mail of the Tormentor {-Tele rN+++
                  | Int+4}
 62387 | Vaults:5 | Got a silver rune of Zot
 62415 | Vaults:5 | Identified the ring "Vyej" {Fly Str+3 Int+3 SInv}
 62504 | Vaults:5 | Identified the +6 shortbow of the Fifty Priests {freeze,
                  | rF- rCorr Int+4}
 62552 | Vaults:4 | Bought the ring of the Tortoise {AC+8} for 1408 gold pieces
 62552 | Vaults:4 | Bought the amulet of Optimism {rF+ Regen+ Int+3} for 553
                  | gold pieces
 62552 | Vaults:4 | Found the ring of the Tortoise {AC+8}
 62753 | Vaults:5 | Identified the staff of Fama {rPois rCorr Alchemy}
 63760 | Zot:5    | Noticed an ancient lich
 63761 | Zot:5    | Noticed an orb of fire
 63768 | Zot:5    | Gained mutation: You are partially covered in iridescent
                  | scales. (AC +2) [an orb of fire]
 63769 | Zot:5    | Killed an ancient lich
 63770 | Zot:5    | Killed an orb of fire
 63775 | Zot:5    | Noticed an ancient lich
 63787 | Zot:5    | Killed an ancient lich
 63861 | Zot:5    | Identified the +11 dire flail "Lonu" {flame, Str+3}
 64007 | Zot:5    | Noticed an orb of fire
 64017 | Zot:5    | Gained mutation: You sometimes lose your temper in combat.
                  | [an orb of fire]
 64018 | Zot:5    | Killed an orb of fire
 64042 | Zot:5    | Noticed an ancient lich
 64069 | Zot:5    | Killed an ancient lich
 64107 | Zot:5    | Lost mutation: Your health recovers twice as slowly from
                  | being drained. [potion of mutation]
 64107 | Zot:5    | Lost mutation: You have an increased reservoir of magic.
                  | (+10% MP) [potion of mutation]
 64107 | Zot:5    | Lost mutation: You are dopey. (Int -2) [potion of mutation]
 64108 | Zot:5    | Lost mutation: You sometimes lose your temper in combat.
                  | [potion of mutation]
 64108 | Zot:5    | Lost mutation: You are vulnerable to cold. (rC-) [potion of
                  | mutation]
 64108 | Zot:5    | Lost mutation: You are partially covered in iridescent
                  | scales. (AC +2) [potion of mutation]
 64108 | Zot:5    | Gained mutation: You have hidden genetic potential. [potion
                  | of mutation]
 64108 | Zot:5    | Gained mutation: Your flesh is heat resistant. (rF+)
                  | [potion of mutation]
 64108 | Zot:5    | Gained mutation: One of your tentacles bears a spike.
                  | [potion of mutation]
 64108 | Zot:5    | Gained mutation: Your mind is acute. (Int +4, Str/Dex -1)
                  | [potion of mutation]
 64567 | Depths:3 | Voluntarily entered the Abyss.
 65026 | Abyss:1  | Found a corrupted altar of Lugonu.
 65545 | Abyss:3  | Reached skill level 27 in Fighting
 65581 | Abyss:3  | Reached skill level 1 in Invocations
 65937 | Abyss:3  | Found a corrupted altar of Lugonu.
 65951 | Abyss:3  | Got an abyssal rune of Zot
 65964 | Abyss:3  | Reached skill level 5 in Invocations
 66008 | Depths:3 | Escaped the Abyss
 66298 | D:7      | Fell from the grace of Gozag
 66298 | D:7      | Became a worshipper of the Shining One
 66634 | Crypt:1  | Entered Level 1 of the Crypt
 66650 | Crypt:1  | Reached * piety under the Shining One
 66833 | Crypt:1  | Reached ** piety under the Shining One
 66911 | Crypt:1  | Reached *** piety under the Shining One
 67060 | Crypt:1  | Reached **** piety under the Shining One
 67343 | Crypt:2  | Reached ***** piety under the Shining One
 67618 | Crypt:2  | Found a basalt altar of Yredelemnul.
 68017 | Crypt:3  | Entered Level 3 of the Crypt
 68058 | Crypt:3  | Reached ****** piety under the Shining One
 68369 | Crypt:3  | Reached skill level 10 in Invocations
 68416 | Crypt:3  | Reached skill level 15 in Dodging
 68451 | Crypt:3  | Gained mutation: You have supernaturally acute eyesight.
                  | (SInv) [hidden potential]
 68786 | Crypt:3  | Noticed an ancient lich
 68795 | Crypt:3  | Noticed a dread lich
 68795 | Crypt:3  | Noticed a dread lich
 68853 | Crypt:3  | Identified the +4 rapier of Collusion {pain, Stlth+}
 68858 | Crypt:3  | Killed a dread lich
 68861 | Crypt:3  | Killed a dread lich
 68862 | Crypt:3  | Killed an ancient lich
 68871 | Crypt:3  | Identified the staff of the Toadstool {rF- rN+ rCorr Necro
                  | Air}
 68876 | Crypt:3  | Identified the ring of Vidued {rPois rCorr Str+4 Int+6}
 68881 | Crypt:3  | Got the Dissertation on Turbulent Hypothermia
 68883 | Crypt:3  | Identified the ring of Asceticism {rN+ Dex+5 SInv Stlth-}
 68883 | Crypt:3  | Identified the ring "Redgherhoa" {rPois rN+ Str+4}
 69030 | Crypt:3  | Found a staircase to the Tomb.
 69057 | Tomb:1   | Entered Level 1 of the Tomb of the Ancients
 69445 | Tomb:1   | Noticed a royal mummy
 69448 | Tomb:1   | Killed a royal mummy
 69941 | Tomb:1   | Noticed a royal mummy
 69950 | Tomb:1   | Killed a royal mummy
 70253 | Tomb:2   | Noticed a royal mummy
 70260 | Tomb:2   | Noticed a royal mummy
 70262 | Tomb:2   | Killed a royal mummy
 70265 | Tomb:2   | Noticed a royal mummy
 70265 | Tomb:2   | Noticed a royal mummy
 70272 | Tomb:2   | Killed a royal mummy
 70285 | Tomb:2   | Killed a royal mummy
 70290 | Tomb:2   | Killed a royal mummy
 70792 | Tomb:1   | Noticed a royal mummy
 70792 | Tomb:1   | Noticed a royal mummy
 70792 | Tomb:1   | Noticed a royal mummy
 70793 | Tomb:1   | Noticed a royal mummy
 70799 | Tomb:1   | Killed a royal mummy
 70801 | Tomb:1   | Killed a royal mummy
 70803 | Tomb:1   | Killed a royal mummy
 70810 | Tomb:1   | Killed a royal mummy
 70964 | Tomb:1   | Noticed a royal mummy
 70969 | Tomb:1   | Killed a royal mummy
 71046 | Tomb:1   | Noticed a royal mummy
 71050 | Tomb:1   | Killed a royal mummy
 71054 | Tomb:1   | Noticed a royal mummy
 71055 | Tomb:1   | Noticed a royal mummy
 71059 | Tomb:1   | Killed a royal mummy
 71063 | Tomb:1   | Killed a royal mummy
 71192 | Tomb:1   | Noticed a royal mummy
 71192 | Tomb:1   | Noticed a royal mummy
 71409 | Tomb:1   | Noticed a royal mummy
 71412 | Tomb:1   | Noticed a royal mummy
 71414 | Tomb:1   | Killed a royal mummy
 71418 | Tomb:1   | Killed a royal mummy
 71418 | Tomb:1   | Noticed a royal mummy
 71419 | Tomb:1   | Reached skill level 15 in Invocations
 71420 | Tomb:1   | Killed a royal mummy
 71424 | Tomb:1   | Killed a royal mummy
 71428 | Tomb:1   | Killed a royal mummy
 71436 | Tomb:1   | Gained mutation: You expend magic power (3 MP) to
                  | strengthen your wands. [hidden potential]
 71436 | Tomb:1   | Lost mutation: You have hidden genetic potential. [hidden
                  | potential expressed]
 71792 | Tomb:3   | Entered Level 3 of the Tomb of the Ancients
 71809 | Tomb:3   | Noticed a royal mummy
 71812 | Tomb:3   | Noticed a royal mummy
 71814 | Tomb:3   | Noticed a royal mummy
 71824 | Tomb:3   | Noticed a royal mummy
 71825 | Tomb:3   | HP: 9/224 [royal mummy/divine providence (13)]
 71825 | Tomb:3   | The Shining One protects you from harm!
 72019 | Tomb:3   | Noticed a royal mummy
 72042 | Tomb:3   | Killed a royal mummy
 72045 | Tomb:3   | Killed a royal mummy
 72085 | Tomb:3   | Killed a royal mummy
 72100 | Tomb:3   | Killed a royal mummy
 72105 | Tomb:3   | HP: 7/224 [mummy priest/divine providence (10)]
 72110 | Tomb:3   | Killed a royal mummy
 72115 | Tomb:3   | Noticed a royal mummy
 72120 | Tomb:3   | Noticed Khufu
 72124 | Tomb:3   | HP: 10/336 [death scarab[a royal mummy] (14)]
 72125 | Tomb:3   | Succumbed to an ushabti's dark miasma

Illustrated notes

Levels and vault maps discovered:
D:1:      spicycebolla_arrival_transporter_tutorial, layout_rooms
D:2:      minmay_angry_zag, layout_rooms, minmay_misc_feat_rows, hex_medium,
          grunt_ministairs_14
D:3:      layout_basic, nemelex_spade_bored_becter,
          nicolae_overflow_guarded_unrand_okawaru_victory,
          amcnicky_mini_pool_small, nicolae_shop_unique_rings
D:4:      layout_basic, minitemple, nicolae_shop_overcharged_wands
D:5:      layout_loops_ring, nicolae_qazlal_general_emergency
D:6:      nicolae_cairo_tiling_large_dashed, layout_cave_pools,
          minmay_temple_entry_large_hall, uniq_menkaure
D:7:      layout_cave_pools, good_gods_temple_1,
          mainiacjoe_overflow_concentric_impassable, nicolae_shop_gadgets,
          uniq_jeremiah, uniq_joseph
D:8:      layout_rooms, grunt_lair_entry_orc_guard_hut
D:9:      layout_roguey, nicolae_ru_the_path_less_chosen
D:10:     layout_roguey, makhleb_altar_promises_db, hangedman_fish_farm
D:11:     layout_loops_cross, orc_0_dummy, chequers_mini_garden, hangedman_ranch
D:12:     layout_basic, library_closet, uniq_kirke
D:13:     layout_roguey, ximxim_vaults_locker_room
D:14:     dreamdust_black_sun_cult, layout_loops_cross, uniq_lodul
D:15:     grunt_enter_depths_magical_seal, layout_basic,
          minmay_misc_feat_four_crosses, serial_glass, glass_columns_b,
          glass_columns_b, glass_columns_b, glass_columns_a
Temple:   hellmonk_temple_of_storms
Lair:1:   layout_loops_ring
Lair:2:   layout_roguey, hellmonk_spider_entry_not_the_bees, basic_altar,
          minmay_lair_oklob_bushes, infiniplex_staircase_pool, uniq_erica
Lair:3:   layout_roguey, minmay_shoals_entry_hut, fungi_pond_lemuel,
          lemuel_oklob_altar
Lair:4:   layout_roguey, hellmonk_ghost_happy_afterlife
Lair:5:   hellmonk_lair_end_abyssal_woods, layout_regular_city, slime_entry_1,
          portal_ice_cave_entry_pillars_1, uniq_sonja
Shoals:1: layout_shoals, nicolae_tricolors
Shoals:2: layout_shoals
Shoals:3: layout_shoals, lemuel_altar_in_water, nicolae_shoals_dead_sea_scrolls,
          uniq_polyphemus
Shoals:4: shoals_end_simple, layout_shoals, serial_shops,
          nicolae_shop_tiny_real_fake_doors, dpeg_stationary_puzzle
Spider:1: layout_spider_delve
Spider:2: layout_spider_delve
Spider:3: layout_chambers, uniq_arachne
Spider:4: guppyfry_spider_rune, gammafunk_ghost_tricky_traps, uniq_agnes,
          uniq_louise, uniq_mara
Slime:1:  cheibrodos_slime_lost_civilization_1, layout_caves
Slime:2:  layout_caves
Slime:3:  layout_caves
Slime:4:  layout_caves, nicolae_slime_crime_time
Slime:5:  slime_pit_nicolae_inversion, uniq_dissolution
Orc:1:    layout_caves, basic_altar, uniq_erolcha
Orc:2:    st_orc_congregation, layout_diamond_mine, serial_shops,
          nicolae_shop_statue_plus, shop, shop, basic_altar, nooodl_orcs_dogs
Elf:1:    eino_elf_arrival_sip, layout_geoelf_diagonals, serial_shops, shop,
          shop, shop, shop, shop, hangedman_elf_disciples, grunt_ministairs_15,
          door_vault, uniq_asterion
Elf:2:    nicolae_elf_blades_crystal_corner, layout_geoelf_octagon, st_stairs_3
Elf:3:    minmay_elf_hall_not_hex, layout_loops_cross
Vaults:1: portal_desolation_entry_nicolae_slug, nicolae_vaults_arrows,
          dpeg_vaults_monster_row, v_misc_24, nicolae_vaults_storage_room_water,
          nicolae_vaults_prndl, nicolae_vaults_statue_guard,
          nicolae_vaults_little_squares_1, vaults_room_stairs_pillars,
          layout_vaults_omnigrid
Vaults:2: ontoclasm_vaults_ring_small, v_misc_8, nicolae_vaults_angled_halls,
          vaults_room_grunt_arrival_checkpoint, v_pattern_4,
          hangedman_vaults_slice, nicolae_vaults_bisected_inception,
          nicolae_vaults_triangles, nicolae_vaults_hexular_roomagon,
          nicolae_vaults_house_3, blue_anna_dwarven_crypt,
          nicolae_vaults_trapezoid_3, hangedman_vaults_slice,
          nicolae_vaults_network_square, ontoclasm_vaults_ligature,
          layout_vaults_maze_snakey
Vaults:3: nicolae_vaults_little_squares_4, cheibrodos_frozen_isle,
          nicolae_vaults_closet_pinwheel_4, hangedman_vaults_maws,
          ontoclasm_vaults_idyll, nicolae_vaults_turnstiles,
          nicolae_vaults_yaktaur_gun_rack, v_misc_23,
          nicolae_vaults_tetromino_L_2, ontoclasm_vaults_hangar,
          vaults_standard_mumra_enter_the_diamond, vaults_mumra_minichess,
          vaults_room_hallway, layout_vaults_big_room
Vaults:4: nicolae_vaults_angled_halls, nicolae_vaults_cochlea, v_misc_30,
          v_misc_19, nicolae_vaults_specimen_jars, nicolae_vaults_display_case,
          grunt_vaults_hallway_long, nicolae_vaults_diamond_1, v_misc_13,
          hangedman_vaults_maws, nicolae_vaults_tetromino_L_2,
          nicolae_vaults_hexular_roomagon, layout_vaults_omnibox
Vaults:5
Crypt:1:  layout_chaotic_city
Crypt:2:  layout_chaotic_city, basic_altar, lemuel_upstairs_altar,
          grunt_megastairs_3
Crypt:3:  david_glass_crypt, layout_gridlike, tomb_entry_simple_bobbens,
          special_room [special_room_morgue]
Tomb:1
Tomb:2
Tomb:3
Depths:1: layout_cave_pools, lightli_too_deep, nicolae_ashenzari_skybound,
          nicolae_shop_fire_sale [nicolae_sub_dead_trees],
          nicolae_shop_dragon_depot, nicolae_concentric_dashed_squares_wild,
          beargit_hepliaklqana_dungeon_heroes
Depths:2: kennysheep_ambush_hall, layout_cave_pools, enter_ziggurat_d,
          serial_sigils_hangedman_confine, hangedman_coc_ice_floe, pan_entry
Depths:3: minmay_the_grid_octo_tiled_octocenter
          [minmay_the_grid_octo_concentric, minmay_the_grid_octo_horde,
          minmay_the_grid_octo_clover_2, minmay_the_grid_octo_focus,
          minmay_the_grid_octo_prize_square_snowflake,
          minmay_the_grid_square_5x5_percent,
          minmay_the_grid_square_5x5_three_walls,
          minmay_the_grid_square_5x5_dogpile,
          minmay_the_grid_square_5x5_tri_point], layout_twisted_cross,
          rand_demon_pan_entry_5, amcnicky_mini_rare_corridor_liquid,
          hell_entry, gammafunk_ghost_crypt, abyss_entry_flame_altar,
          minmay_misc_feat_room, minmay_staircase_windowed_small
Depths:4: evilmike_zot_entry_gauntlet, layout_cave_pools, serial_shops,
          shop_fountains, abyss_entry_crystal, grunt_hell_entry_dis_grunt,
          kennysheep_random_hallway
Zot:1:    grunt_deathspiral_small, layout_onion, uniq_vv
Zot:2:    layout_basic, hangedman_zot_diagonal_lockstep
Zot:3:    layout_onion_interference, uniq_grunn
Zot:4:    kennysheep_bubbly, layout_gridlike, nicolae_diode_basic,
          grunt_megastairs_4
Zot:5:    layout_basic, regret_index_zotdec_ex

Skill      XL: |  1  2  3  4  5  6  7  8  9 10 11 12 13 14 15 16 17 18 19 20 21 22 23 24 25 26 27 |
---------------+----------------------------------------------------------------------------------+-----
Unarmed Combat | 4 5 6 7 9 11 12 14 15 16 18 19 20 21 24 27 | 27.0
Fighting       | 4 5 6 8 9 10 11 12 14 18 22 27 | 27.0
Dodging        | 4 5 7 9 10 12 18 | 18.9
Shapeshifting  | 4 8 10 12 13 14 16 19 21 23 25 27 | 27.0
Stealth        | 1 6 |  6.0
Invocations    | 16 | 16.4

Action                     |  1- 3 |  4- 6 |  7- 9 | 10-12 | 13-15 | 16-18 | 19-21 | 22-24 | 25-27 || total
---------------------------+-------+-------+-------+-------+-------+-------+-------+-------+-------++-------
  Melee: Unarmed           |    68 |    98 |   175 |   471 |   970 |   971 |   869 |   834 |  1623 ||  6079
         Constrict         |    16 |    31 |    31 |    97 |   208 |   153 |       |       |       ||   536
         Tentacles         |    14 |    23 |    31 |    30 |       |       |       |    12 |       ||   110
         Punch             |     2 |     2 |    16 |    11 |       |    36 |   105 |   118 |   312 ||   602
         Bite              |       |       |       |       |       |    37 |    60 |       |       ||    97
         Tailslap          |       |       |       |       |       |    38 |    94 |       |       ||   132
  Throw: Stone             |       |    19 |    34 |       |       |       |       |       |       ||    53
         Dart              |       |     8 |    34 |    35 |       |       |       |       |       ||    77
         Throwing net      |       |       |       |     1 |       |       |       |       |       ||     1
 Invoke: Call Merchant     |       |       |       |       |     1 |       |     5 |     3 |     3 ||    12
         Potion Petition   |       |       |       |       |       |     2 |       |       |       ||     2
         Divine Shield     |       |       |       |       |       |       |       |       |     5 ||     5
         Cleansing Flame   |       |       |       |       |       |       |       |       |     3 ||     3
         Summon Divine War |       |       |       |       |       |       |       |       |     1 ||     1
Ability: Breathe Fire      |       |       |       |       |       |     6 |       |       |       ||     6
         Blinkbolt         |       |       |       |       |       |       |       |     8 |    22 ||    30
         Siphon Essence    |       |       |       |       |       |       |       |     1 |       ||     1
  Evoke: Wand              |       |       |       |     2 |     4 |       |       |       |       ||     6
    Use: Potion            |       |     1 |     5 |     3 |     1 |     3 |       |     4 |    11 ||    28
         Scroll            |       |       |     4 |     8 |     7 |    17 |     2 |     3 |     7 ||    48
   Stab: Sleeping          |     5 |     1 |     1 |     1 |     3 |    30 |    17 |    12 |    17 ||    87
         Distracted        |       |     1 |     2 |     3 |     7 |    11 |    13 |    13 |    34 ||    84
         Invisible         |       |       |     2 |       |       |       |       |       |       ||     2
 Armour: Skin              |    31 |    40 |   110 |   211 |   520 |   680 |   435 |   213 |   312 ||  2552
  Dodge: Dodged            |    52 |    38 |   100 |   259 |   538 |   571 |   515 |   733 |  1344 ||  4150
  Block: Other             |       |       |       |       |       |       |       |       |    29 ||    29
   Form: Serpent           |       |       |       |     1 |       |       |       |       |       ||     1
         Dragon            |       |       |       |       |       |     1 |       |       |       ||     1
         Storm             |       |       |       |       |       |       |     1 |     1 |       ||     2
         Death             |       |       |       |       |       |       |       |     1 |       ||     1
